 Dungeon Crawl Stone Soup version 0.26-a0-597-gb535b0901c (webtiles) character file.

Game seed: 12962222097401177408

1271 Alarkh the Martial Artist (level 8, 61/61 HPs)
             Began as a Demonspawn Gladiator on Sept 15, 2020.
             Got out of the dungeon alive.
             The game lasted 00:05:12 (3506 turns).

Alarkh the Martial Artist (Demonspawn Gladiator)    Turns: 3506, Time: 00:05:13

Health: 61/61      AC:  3    Str: 13 (14) XL:     8   Next: 28%
Magic:  8/8        EV: 12    Int: 18      God:
Gold:   225        SH:  0    Dex: 13 (15) Spells: 7/7 levels left

rFire    . . .     SeeInvis .     - Unarmed
rCold    + . .     Faith    .   (no shield)
rNeg     . . .     Spirit   .   r - +0 leather armour {rC+}
rPois    .         Reflect  .   (helmet restricted)
rElec    .         Harm     .   (no cloak)
rCorr    .                      (no gloves)
MR       .....                  (no boots)
Stlth    +.........             (no amulet)
HPRegen  0.20/turn              d - +6 ring of intelligence
MPRegen  0.11/turn              (no ring)

@: no status effects
A: antennae 1, claws 1, talons 2, powered by death 2
a: no special abilities


You escaped.
You visited 1 branch of the dungeon, and saw 4 of its levels.
You also visited: Ossuary.

You collected 225 gold pieces.

Inventory:

Missiles
 c - 5 throwing nets (quivered)
Armour
 a - a +0 leather armour
 b - a +0 helmet
 i - a +0 cloak
 l - a scarf of harm
 r - a +0 leather armour of cold resistance (worn)
Jewellery
 d - a +6 ring of intelligence (left claw)
Scrolls
 g - 3 scrolls of amnesia
 k - 2 scrolls of fear {unknown}
 m - a scroll of blinking {unknown}
 n - 4 scrolls of identify
 q - 2 scrolls of remove curse
 t - a scroll of enchant armour {unknown}
 u - a scroll of teleportation
 w - a scroll of torment {unknown}
Potions
 e - 3 potions of flight
 f - 2 potions of brilliance
 h - a potion of mutation {unknown}
 j - a potion of haste {unknown}
 o - a potion of resistance
 p - a potion of berserk rage {unknown}
 s - 3 potions of heal wounds {unknown}
 v - a potion of magic {unknown}
 x - 3 potions of ambrosia {unknown}


   Skills:
 + Level 4.8 Fighting
 - Level 1.7 Throwing
 - Level 2.6 Dodging
 * Level 12.4 Unarmed Combat


You had 7 spell levels left.
You didn't know any spells.
Your spell library was empty.

Dungeon Overview and Level Annotations

Branches:
Dungeon (4/15)            Ossuary (visited)
 Temple: D:4-7

Altars:
Cheibriados
Elyvilon
Gozag
Nemelex Xobeh
Ru
Yredelemnul
Zin
The Shining One


Innate Abilities, Weirdness & Mutations

You have a pair of small antennae on your head.
You have sharp fingernails.
You have razor-sharp toenails.
You regenerate health from kills.


Message History

a +0 halberd; a gnoll skeleton
There is a stone staircase leading down here.
HP restored.
There is a stone staircase leading up here.
You climb upwards.
There is a stone staircase leading down here.
You see here a ring mail.
There is a stone staircase leading up here.
You climb upwards.
There is a stone staircase leading down here.
You see here a crooked smoking staff.
There is a stone staircase leading up here.
You climb upwards.
There is a stone staircase leading down here.
There is an open door here.
There is an open door here.
There is an open door here.
There is a staircase leading out of the dungeon here.
Are you sure you want to leave the Dungeon?
This will make you lose the game!
You have escaped!

#.....#...)..............###
#######..#####....######...####
#....##♣♣♣♣....♣.♣♣.###....##
####...##................####..##
.....###....####'####♣♣...♣♣##...
######♣....##.......##♣♣....♣####
♣.....♣♣#..#####..# ♣♣....♣ #
♣♣....♣♣##..#...'..## ♣♣...♣♣
#♣.....♣ #...#.@.#..># ♣♣....♣
#.♣....♣ #...#...#...# ♣.....♣
#....♣###################♣♣..♣#
♣...♣♣#.[..#...8...#....# ♣♣..♣
♣...♣ #....#.8...8.#....# ♣..♣♣
#♣..♣ #....'...⌠...#....# ♣....
#...♣ #....#.......#....# ♣♣...♣
#♣..♣♣###..#.......'..###♣♣.....
##♣...♣♣ ####..8.8..####♣.......♣


There were no monsters in sight!

Vanquished Creatures
  3 elf zombies (Ossuary)
  A bullfrog (D:4)
  5 centaur zombies (Ossuary)
  4 human zombies (Ossuary)
  2 hounds (D:4)
  3 orc wizards (D:3)
  Natasha (thrice) (D:2)
  Terence (D:2)
  An iguana (D:4)
  3 mummies (Ossuary)
  A hound skeleton (D:3)
  Robin (D:2)
  6 adders
  4 gnolls
  A white imp (D:4)
  2 oozes
  A worm (D:3)
  4 dart slugs
  A leopard gecko (D:3)
  9 orcs
  11 bats
  6 giant cockroaches
  17 goblins
  13 hobgoblins
  4 jackals (D:2)
  4 quokkas
  A ball python (D:2)
  3 frilled lizards
  3 goblin zombies (D:4)
  2 hobgoblin zombies (D:4)
  6 kobolds
  2 kobold skeletons (D:4)
  A kobold zombie (D:4)
  3 orc skeletons (D:4)
  4 rats
136 creatures vanquished.

Notes
Turn   | Place    | Note
-------+----------+-------------------------------------------
     0 | D:1      | Alarkh the Demonspawn Gladiator began the quest for the
                  | Orb.
     0 | D:1      | Reached XP level 1. HP: 16/16 MP: 1/1
   139 | D:1      | Reached skill level 3 in Unarmed Combat
   158 | D:1      | Gained mutation: You regenerate a little health from kills.
                  | [demonic ancestry]
   158 | D:1      | Reached XP level 2. HP: 19/22 MP: 2/2
   759 | D:1      | Gained mutation: You have sharp toenails. [demonic
                  | ancestry]
   759 | D:1      | Reached XP level 3. HP: 18/28 MP: 3/3
  1207 | D:2      | Noticed Terence
  1216 | D:2      | Killed Terence
  1228 | D:2      | Reached skill level 4 in Unarmed Combat
  1231 | D:2      | Gained mutation: You have sharp fingernails. [demonic
                  | ancestry]
  1231 | D:2      | Reached XP level 4. HP: 19/34 MP: 4/4
  1488 | D:2      | Found a basalt altar of Yredelemnul.
  1489 | D:2      | Noticed Natasha
  1495 | D:2      | Killed Natasha
  1620 | D:2      | Noticed Natasha
  1622 | D:2      | Noticed Robin
  1634 | D:2      | HP: 1/35 [Natasha (3)]
  1637 | D:2      | Killed Natasha
  1637 | D:2      | Gained mutation: You have razor-sharp toenails. [demonic
                  | ancestry]
  1637 | D:2      | Reached XP level 5. HP: 3/41 MP: 5/5
  1659 | D:2      | Reached skill level 11 in Unarmed Combat
  1659 | D:2      | Gained mutation: You regenerate health from kills. [demonic
                  | ancestry]
  1659 | D:2      | Reached XP level 6. HP: 19/47 MP: 6/6
  1670 | D:2      | Killed Robin
  1933 | D:2      | Noticed Natasha
  1940 | D:2      | Killed Natasha
  2023 | D:2      | Found a white marble altar of Elyvilon.
  2100 | D:2      | Found a glowing silver altar of Zin.
  2373 | D:3      | Found a snail-covered altar of Cheibriados.
  2588 | D:3      | Found a sacrificial altar of Ru.
  2617 | D:3      | Reached XP level 7. HP: 52/53 MP: 7/7
  2784 | D:4      | Found a glowing golden altar of the Shining One.
  2908 | D:4      | Found an opulent altar of Gozag.
  2908 | D:4      | Found a sparkling altar of Nemelex Xobeh.
  2957 | D:4      | Reached skill level 12 in Unarmed Combat
  3083 | D:4      | Found a sand-covered staircase.
  3092 | Ossuary  | Entered an ossuary
  3166 | Ossuary  | Gained mutation: You have a pair of small antennae on your
                  | head. [demonic ancestry]
  3166 | Ossuary  | Reached XP level 8. HP: 56/61 MP: 8/8
  3506 | D:$      | Got out of the dungeon alive.

Illustrated notes

Levels and vault maps discovered:
D:1:      sevenhm_arrival_forest_fort_large_3, layout_basic, minmay_tetromino_l2
D:2:      layout_rooms, kennysheep_ying_yang, marbit_many_paths,
          minmay_split_cup_small, uniq_terence, uniq_robin, uniq_natasha
D:3:      layout_loops_cross, nicolae_ru_sacrificial_ziggurat,
          lemuel_doored_altar, solitary_fountain, grunt_decor_cap
D:4:      layout_loops_ring, grunt_temple_overflow_opulence,
          kennysheep_mini_moat, nicolae_tso_besieged_by_evil, serial_glass,
          glass_columns_a, glass_columns_c, glass_columns_a, glass_columns_a,
          glass_columns_a, glass_columns_a, glass_columns_a, glass_columns_c,
          glass_columns_a, glass_columns_a, serial_shops, nicolae_shop_crystal,
          enter_ossuary_1, uniq_crazy_yiuf_cottage, uniq_sigmund

Skill      XL: |  1  2  3  4  5  6  7 |
---------------+----------------------+-----
Unarmed Combat | 3 4 11 12 | 12.4
Fighting       | 3 4 |  4.8
Throwing       | |  1.7
Dodging        | |  2.6

Action                   |  1- 3 |  4- 6 |  7- 9 || total
-------------------------+-------+-------+-------++-------
Melee: Unarmed           |   119 |   156 |   166 ||   441
       Kick              |     8 |    30 |    50 ||    88
       Punch             |       |     6 |    11 ||    17
  Use: Scroll            |       |     7 |     1 ||     8
       Potion            |       |     4 |       ||     4
Armor: Leather armour    |    47 |    30 |    20 ||    97
       Skin              |       |    40 |       ||    40
Dodge: Dodged            |    69 |    85 |    65 ||   219

Table legend: (Time is in decaauts)
 A = Elapsed time spent in this place.
 B = Non-inter-level travel time spent in this place.
 C = Inter-level travel time spent in this place.
 D = Time resting spent in this place.
 E = Time spent auto-exploring this place.
 F = Levels seen in this place.
 G = Mean time per level.
                   A        B        C        D        E       F      G
               +--------+--------+--------+--------+--------+-----+--------+
         Total |   3448 |   3236 |    212 |    271 |   2169 |   5 |  689.6 |
       Dungeon |   3160 |   2948 |    212 |    143 |   2119 |   4 |  790.0 |
       Ossuary |    288 |    288 |      0 |    128 |     50 |   1 |  288.0 |
               +--------+--------+--------+--------+--------+-----+--------+

Top non-repeatable levels by time:
     D:1: 1195 daAuts
     D:2: 1054 daAuts
     D:3: 555 daAuts
     D:4: 355 daAuts
 Ossuary: 288 daAuts
